 Dungeon Crawl Stone Soup version 0.30-a0-1018-g25214051b3 (webtiles) character file.

Game seed: 2508523815104132101

786 pascalblue the Magician (level 7, -5/36 HPs)
             Began as a Deep Elf Conjurer on Apr 7, 2023.
             Was an Initiate of Sif Muna.
             Slain by an orc warrior
             ... wielding a +0 battleaxe
              (15 damage)
             ... on level 5 of the Dungeon.
             The game lasted 00:10:49 (3941 turns).

pascalblue the Magician (Deep Elf Conjurer)         Turns: 3941, Time: 00:10:50

Health: -5/36      AC:  5    Str:  4    XL:     7   Next: 56%
Magic:  20/20      EV: 12    Int: 31    God:    Sif Muna [......]
Gold:   311        SH:  0    Dex: 13    Spells: 11/21 levels left

rFire   . . .      SeeInvis .    w - staff of cold
rCold   + . .      Faith    .    (no shield)
rNeg    . . .      Spirit   .    a - +0 robe
rPois   .          Reflect  .    q - +1 helmet
rElec   .          Rampage  .    (no cloak)
rCorr   .                        (no gloves)
Will    .....                    x - +0 pair of boots
Stlth   ++                       c - amulet of magic regeneration
HPRegen 0.26/turn                t - +6 ring of intelligence
MPRegen 0.57/turn                y - ring of wizardry

@: about to teleport
A: no striking features
a: Renounce Religion


You were on level 5 of the Dungeon.
You worshipped Sif Muna.
Sif Muna was noncommittal.
You visited 2 branches of the dungeon, and saw 7 of its levels.

You collected 311 gold pieces.

Inventory:

Hand Weapons
 g - the +9 sling of Usyshi Orenk {speed, Stlth+}
   (You found it on level 4 of the Dungeon)

   Stlth:     It makes you more stealthy.
 r - a +1 dagger of freezing
Missiles
 p - 8 stones
Armour
 a - a +0 robe (worn)
 q - a +1 helmet (worn)
 x - a +0 pair of boots (worn)
Magical Staves
 h - a staff of fire
 w - a staff of cold (weapon)
Jewellery
 c - an amulet of magic regeneration (around neck)
 i - a +4 ring of protection
 t - a +6 ring of intelligence (left hand)
 y - a ring of wizardry (right hand)
Wands
 m - a wand of light (8)
 s - a wand of charming (3)
Scrolls
 f - a scroll of magic mapping
 o - a scroll of teleportation
Potions
 b - a potion of magic
 d - 2 potions of mutation
 e - a potion of haste {unknown}
 j - a potion of heal wounds {unknown}
 k - 2 potions of curing
 l - a potion of berserk rage {unknown}
 n - 4 potions of degeneration {unknown}


   Skills:
 - Level 2.4 Dodging
 - Level 2.4 Stealth
 * Level 7.5 Spellcasting
 + Level 6.0 Conjurations
 + Level 3.3 Hexes
 * Level 4.9 Ice Magic


You had 11 spell levels left.
You knew the following spells:

 Your Spells              Type           Power      Damage    Failure   Level
a - Magic Dart            Conj           100%       1d8       1%          1
b - Searing Ray           Conj           98%        2d8       1%          2
c - Frozen Ramparts       Ice            100%       1d16      1%          3
d - Fulminant Prism       Conj/Hex       20%        3d12      2%          4

Your spell library contained the following spells:

 Spells                   Type           Power      Damage    Failure   Level
 Freeze                   Ice            100%       1d10      1%          1
 Dazzling Flash           Conj/Hex       80%        N/A       1%          3
 Hailstorm                Conj/Ice       62%        3d13      1%          3
 Iskenderun's Mystic Bla  Conj/Tloc      30%        2d8       4%          4


Dungeon Overview and Level Annotations

Branches:
Dungeon (6/15)             Temple (1/1) D:5

Altars:
Cheibriados
Dithmenos
Elyvilon
Gozag
Hepliaklqana
Makhleb
Nemelex Xobeh
Okawaru
Qazlal
Sif Muna
Trog
Uskayaw
Wu Jian
Xom

Shops:
D:2 (


Message History

There is a staircase back to the Dungeon here.
You climb upwards.
Welcome back to the Dungeon!
There is a staircase to the Ecumenical Temple here.
Done exploring.
(D) Dungeon (T) Temple
Where to? (Enter - D:6, ? - help)
There is a stone staircase leading down here.
You climb downwards.
The orc warrior misses you.
The kobold brigand throws a poisoned dart.
The poisoned dart hits you!
You are poisoned.
The orc warrior closely misses you.
There is a stone staircase leading up here.
You feel very sick. The white imp gestures at you.
The puff of frost misses you.
The orc warrior hits you with a +0 battleaxe!
You climb upwards.
You feel sick.
There is a stone staircase leading down here.
Casting: Searing Ray (safe; 1% risk of failure)
Confirm with . or Enter, or press ? or * to list all spells.
Aiming: Searing Ray (safe; 1% risk of failure)
Press: ? - help, Shift-Dir - straight line, f - orc warrior
Aim: an orc warrior, wielding a +0 battleaxe and wearing a +0 plate armour (83% to hit)
The searing ray hits the orc warrior.
The orc warrior is lightly wounded. (Press . to maintain the ray.)
You feel sick.
The orc warrior hits you with a +0 battleaxe!
* * * LOW HITPOINT WARNING * * *
It was a potion of curing.
You feel better. The orc warrior misses you.
As you read the scroll of fog, it crumbles to dust.
The scroll dissolves into smoke.
The orc warrior closely misses you.
Casting: Searing Ray (safe; 1% risk of failure)
Confirm with . or Enter, or press ? or * to list all spells.
Okay, then.
As you read the scroll of teleportation, it crumbles to dust.
You feel strangely unstable.
The orc warrior hits you with a +0 battleaxe!
You die...

...#...#.....##...##..........#.#
..............................#..
.................................
.....................#..........#
##..............#...###.....<.###
#..........##..###....#.......#
......>.....#.§§§§....#......##
............§§§§§§.........###
.##........##§§o@..........#
.##......##..§§§§.........##
..#......#....§§§.......###
............#...........#
##..........##.#.....#.##
.##..###...###.......#######
......##...###.............####
......##....#..............##.#
....#.)..#...............>....###


You could see an orc warrior.

Vanquished Creatures
  A water moccasin (D:5)
  A black bear (D:6)
  An ogre (D:6)
  Blork the orc (D:4)
  2 scorpions
  A howler monkey (D:6)
  2 hounds
  An iguana (D:4)
  Natasha (twice) (D:2)
  A sleepcap (D:5)
  6 adders
  An ufetubus (D:5)
  4 worms
  An orc (D:4)
  10 endoplasms
  4 giant cockroaches
  10 goblins
  7 hobgoblins
  6 kobolds
  3 quokkas
  7 ball pythons
  5 bats
  A frilled lizard (D:3)
  4 rats (D:2)
82 creatures vanquished.

Notes
Turn   | Place    | Note
-------+----------+-------------------------------------------
     0 | D:1      | pascalblue the Deep Elf Conjurer began the quest for the
                  | Orb.
     0 | D:1      | Reached XP level 1. HP: 10/10 MP: 6/6
   570 | D:1      | Reached XP level 2. HP: 15/15 MP: 3/8
   573 | D:1      | Learned a level 2 spell: Searing Ray
   761 | D:1      | Found a faded altar of an unknown god.
   898 | D:2      | Reached skill level 4 in Spellcasting
  1063 | D:2      | Found Niur's Weapon Shoppe.
  1113 | D:2      | Reached XP level 3. HP: 19/19 MP: 6/10
  1117 | D:2      | Learned a level 3 spell: Frozen Ramparts
  1275 | D:2      | Noticed Natasha
  1278 | D:2      | Killed Natasha
  1279 | D:2      | Reached skill level 1 in Ice Magic
  1419 | D:2      | Noticed Natasha
  1425 | D:2      | Killed Natasha
  1426 | D:2      | Reached skill level 5 in Spellcasting
  1426 | D:2      | Reached skill level 5 in Conjurations
  1426 | D:2      | Reached XP level 4. HP: 22/24 MP: 5/13
  1747 | D:3      | Found an ornate altar of the Wu Jian Council.
  1781 | D:3      | Found a snail-covered altar of Cheibriados.
  1782 | D:3      | Found a burning altar of Makhleb.
  1785 | D:3      | Found a bloodstained altar of Trog.
  2002 | D:3      | Reached XP level 5. HP: 28/28 MP: 9/14
  2127 | D:3      | Learned a level 4 spell: Fulminant Prism
  2473 | D:4      | Reached skill level 1 in Hexes
  2485 | D:4      | Reached skill level 6 in Spellcasting
  2530 | D:4      | Identified the +9 sling of Usyshi Orenk {speed, Stlth+}
  2644 | D:4      | Found a hide-covered altar of Uskayaw.
  2668 | D:4      | Reached XP level 6. HP: 29/32 MP: 13/17
  2825 | D:4      | Noticed Blork the orc
  2847 | D:4      | Killed Blork the orc
  2993 | D:5      | Entered Level 5 of the Dungeon
  3090 | D:5      | Noticed a water moccasin
  3119 | D:5      | Found a staircase to the Ecumenical Temple.
  3197 | D:5      | Killed a water moccasin
  3198 | D:5      | Reached XP level 7. HP: 36/36 MP: 15/19
  3254 | D:5      | Reached skill level 7 in Spellcasting
  3859 | Temple   | Entered the Ecumenical Temple
  3893 | Temple   | Became a worshipper of Sif Muna the Loreminder
  3936 | D:5      | HP: 1/36 [orc warrior/+0 battleaxe (13)]
  3941 | D:5      | Slain by an orc warrior

Illustrated notes

Levels and vault maps discovered:
D:1:      dpeg_arrival_radiant, layout_basic,
          shapermc_ecumenical_altar_mp_vishouse, minmay_misc_feat_roman,
          chequers_serial_rivers_small_a, minmay_tromino_v4_b
D:2:      layout_basic, serial_shops, shop_statue, uniq_natasha
D:3:      layout_basic, grunt_temple_overflow_open
D:4:      layout_basic, mainiacjoe_overflow_24_doors, uniq_blork_the_orc
D:5:      layout_cave_pools, minmay_temple_entry_butterflies,
          nicolae_zen_rock_garden
D:6:      hangedman_cross_stitches, layout_rooms, vehumet_altar_wand_db,
          ashenzari_conservatory_becter, serial_curves, eino_curves_03,
          eino_curves_04, eino_curves_03, eino_curves_03,
          grunt_decor_resistance, minmay_circle_x
Temple:   chequers_temple_sunken

Skill      XL: |  1  2  3  4  5  6  7 |
---------------+----------------------+-----
Spellcasting   | 4 5 6 7 |  7.5
Ice Magic      | 1 2 3 4 |  4.9
Conjurations   | 5 6 |  6.0
Hexes          | 1 2 3 |  3.3
Dodging        | |  2.4
Stealth        | |  2.4

Action                     |  1- 3 |  4- 6 |  7- 9 || total
---------------------------+-------+-------+-------++-------
   Fire: Sling             |       |     4 |       ||     4
   Cast: Magic Dart        |    53 |    90 |     6 ||   149
         Searing Ray       |     3 |    10 |     6 ||    19
         Frozen Ramparts   |       |     1 |       ||     1
    Use: Scroll            |       |    10 |     3 ||    13
         Potion            |       |       |     1 ||     1
 Armour: Robe              |     1 |     5 |     1 ||     7
  Dodge: Dodged            |     2 |     8 |    13 ||    23

Table legend: (Time is in decaauts)
 A = Elapsed time spent in this place.
 B = Non-inter-level travel time spent in this place.
 C = Inter-level travel time spent in this place.
 D = Time resting spent in this place.
 E = Time spent auto-exploring this place.
 F = Levels seen in this place.
 G = Mean time per level.
                   A        B        C        D        E       F      G
               +--------+--------+--------+--------+--------+-----+--------+
         Total |   3951 |   3836 |    115 |    171 |   2980 |   7 |  564.4 |
       Dungeon |   3880 |   3765 |    115 |    171 |   2957 |   6 |  646.7 |
        Temple |     70 |     70 |      0 |      0 |     22 |   1 |   70.0 |
               +--------+--------+--------+--------+--------+-----+--------+

Top non-repeatable levels by time:
     D:5: 839 daAuts
     D:2: 823 daAuts
     D:3: 799 daAuts
     D:1: 795 daAuts
     D:4: 576 daAuts
  Temple: 70 daAuts
     D:6: 46 daAuts
